 Dungeon Crawl Stone Soup version 0.18-a0-1197-g8004e50 (webtiles) character file.

284 kae the Insei (level 6, -10/47 HPs)
             Began as a Draconian Transmuter on Jan 30, 2016.
             Mangled by Duvessa
             ... wielding a +0 short sword of venom
              (15 damage)
             ... on level 4 of the Dungeon.
             The game lasted 00:05:17 (3078 turns).

kae the Insei (Draconian Transmuter)                Turns: 3078, Time: 00:05:18

Health: -10/47     AC:  9    Str: 13    XL:     6   Next: 7%
Magic:  8/9        EV: 12    Int: 13    God:
Gold:   142        SH:  0    Dex: 13    Spells: 1 memorised, 8 levels left

rFire  . . .     SeeInvis .       - Unarmed
rCold  . . .     Gourm    +     (armour unavailable)
rNeg   . . .     Faith    .     (no shield)
rPois  .         Spirit   .     (helmet restricted)
rElec  .         Dismiss  .     (no cloak)
rCorr  .         Reflect  .     r - +2 pair of gloves
SustAt .         Harm     .     (no boots)
MR     .....                    e - amulet of the gourmand
Stlth  +.........               (no ring)
                                (no ring)

@: lethally poisoned (-10 -> -29), appendage (expiring), not resistant to
hostile enchantments, very unstealthy
A: unfitting armour, horns 2, cold-blooded, AC +6
a: End Transformation


You were on level 4 of the Dungeon.
You were completely stuffed.
You had grown temporary horns.
You visited 1 branch of the dungeon, and saw 4 of its levels.

You collected 142 gold pieces.

Inventory:

Missiles
 a - 56 arrows
Armour
 r - a +2 pair of gloves (worn)
Jewellery
 e - an amulet of the gourmand (around neck)
Scrolls
 h - a scroll of recharging
 m - a scroll of fog
Potions
 i - 2 potions of mutation
 j - a potion of berserk rage
 k - a potion of brilliance {unknown}
 l - 2 potions of haste {unknown}
 o - a potion of curing
Books
 b - a book of Changes

   Spells                             Type                      Level
   a - Beastly Appendage              Transmutation                1
   b - Sticks to Snakes               Transmutation                2
   c - Spider Form                    Transmutation/Poison         3
   d - Ice Form                       Ice/Transmutation            4
   e - Blade Hands                    Transmutation                5
Comestibles
 c - 3 bread rations
 d - a beef jerky
 f - 2 meat rations
 g - 3 chunks of flesh


   Skills:
 - Level 1.1 Fighting
 - Level 1.7 Dodging
 + Level 6.8 Unarmed Combat
 - Level 2.0 Spellcasting
 - Level 2.0 Transmutations


You had 8 spell levels left.
You knew the following spells:

 Your Spells              Type           Power        Failure   Level  Hunger
a - Beastly Appendage     Trmt           #.....       12%         1    ##.....


Dungeon Overview and Level Annotations

Branches:
Dungeon (4/15)
 Temple: D:4-7

Altars:
Nemelex Xobeh
Okawaru
Trog

Annotations:
D:4 Duvessa


Innate Abilities, Weirdness & Mutations

Your plain brown scales are hard (AC +6).
Your body does not fit into most forms of armour.
You are cold-blooded and may be slowed by cold attacks.
You have a pair of horns on your head.


Message History

You feel sick.
Duvessa hits you with a short sword of venom!
* * * LOW HITPOINT WARNING * * *
You are too injured to fight recklessly!
You are too injured to fight recklessly!
You barely miss Duvessa.
Duvessa is almost dead.
* * * LOW HITPOINT WARNING * * *
You feel sick.
Duvessa hits you with a short sword of venom.
* * * LOW HITPOINT WARNING * * *
You are more poisoned.
Duvessa barely misses you.
You hit Duvessa. You headbutt Duvessa, but do no damage.
You tail-slap Duvessa, but do no damage.
Duvessa is almost dead.
* * * LOW HITPOINT WARNING * * *
You feel sick.
Duvessa hits you with a short sword of venom!
You die...

#......###.........##..
#......##).........##..
#..................##..
####[###...........###.
#.###...........##..
#..#..#.###...####.#
##.#..#.# ###...##.#
#.#....### #.#....#
##.@........#...(...
#####8e8#######.##....[.
....§..........#..#......
..§............##........
.§.........§...####....<.
..........§....# #......
...............# ######.
§.§§...........# ...
.§.§§......§...# ....


You could see Duvessa (berserk).

Vanquished Creatures
  Dowan (D:4)
  An orc priest (D:4)
  A centaur skeleton (D:4)
  An orc wizard (D:4)
  A worker ant (D:4)
  A hound skeleton (D:4)
  A gnoll (D:1)
  2 adders
  A shadow imp (D:4)
  3 adder skeletons (D:4)
  2 worms
  3 giant geckos
  4 orcs
  2 ball pythons (D:4)
  2 bats (D:3)
  5 goblins
  9 hobgoblins
  2 jackals (D:2)
  A quokka (D:2)
  5 giant newts
  12 kobolds
  4 rats
64 creatures vanquished.

Vanquished Creatures (others)
  A giant frog (D:4)
1 creature vanquished.

Grand Total: 65 creatures vanquished

Notes
Turn   | Place    | Note
--------------------------------------------------------------
     0 | D:1      | kae the Draconian Transmuter began the quest for the Orb.
     0 | D:1      | Reached XP level 1. HP: 16/16 MP: 3/3
   207 | D:1      | Found a sparkling altar of Nemelex Xobeh.
   268 | D:1      | Reached XP level 2. HP: 23/23 MP: 5/5
   301 | D:1      | Reached skill level 4 in Unarmed Combat
  1093 | D:2      | Reached XP level 3. HP: 20/28 MP: 6/6
  2171 | D:3      | Reached XP level 4. HP: 35/35 MP: 7/7
  2179 | D:3      | Reached skill level 5 in Unarmed Combat
  2221 | D:3      | Found an iron altar of Okawaru.
  2493 | D:4      | Found a bloodstained altar of Trog.
  2527 | D:4      | Noticed Dowan
  2528 | D:4      | Noticed Duvessa
  2646 | D:4      | Reached XP level 5. HP: 30/40 MP: 8/8
  2813 | D:4      | Reached skill level 6 in Unarmed Combat
  2932 | D:4      | Killed Dowan
  2932 | D:4      | Reached XP level 6. HP: 36/47 MP: 9/9
  3078 | D:4      | Mangled by Duvessa

Vault maps used:
D:1:      ncdulo_halloftheorcs, nemelex_diamond_rough_becter
D:3:      first_bread, okawaru_gym_becter
D:4:      lemuel_temple_firewalk, trog_three_pillars_becter, uniq_duvessa

Action                   |  1- 3 |  4- 6 || total
-------------------------+-------+-------++-------
Melee: Unarmed           |   169 |    99 ||   268
 Cast: Beastly Appendage |     5 |     5 ||    10
  Use: Scroll            |     2 |     8 ||    10
 Stab: Sleeping          |     1 |       ||     1
  Eat: Chunk             |    15 |     3 ||    18
